 Dungeon Crawl Stone Soup version 0.29-a0-925-g0a7a3d12f8 (webtiles) character file.

Game seed: 12383007227814327075

15118 ptdevnull the Merchant of Misery (level 11, 0/86 HPs)
             Began as a Mummy Necromancer on July 28, 2022.
             Was a Believer of Kikubaaqudgha.
             Slain by a wyvern (2 damage)
             ... on level 1 of the Lair of Beasts.
             The game lasted 00:54:09 (16210 turns).

ptdevnull the Merchant of Misery (MuNe)            Turns: 16210, Time: 00:54:12

Health: 0/86       AC: 14    Str: 12    XL:     11   Next: 97%
Magic:  0/25       EV: 12    Int: 32    God:    Kikubaaqudgha [**....]
Gold:   1336       SH:  0    Dex: 15    Spells: 7/30 levels left

rFire   . . .      SeeInvis .   m - +2 scimitar
rCold   + . .      Faith    +   (no shield)
rNeg    + + +      Spirit   .   s - +5 ring mail of Yptoni {rElec rCorr Int+4}
rPois   ∞          Reflect  .   d - +2 hat {Int+3}
rElec   +          Harm     .   r - scarf {shadows}
rCorr   +          Rampage  .   b - +1 pair of gloves
Will    +....                   (no boots)
Stlth   +.........              n - amulet of faith
HPRegen 0.24/turn               y - +6 ring of intelligence
MPRegen 0.19/turn               p - ring of the Enemy {rF+ Dex+3}

@: no status effects
A: cold resistance 1, negative energy resistance 3, torment resistance 2, heat
vulnerability 1, in touch with death 1, no potions
a: Renounce Religion, Unearth Wretches


You were on level 1 of the Lair of Beasts.
You worshipped Kikubaaqudgha.
Kikubaaqudgha was pleased with you.
You visited 3 branches of the dungeon, and saw 12 of its levels.

You collected 1767 gold pieces.
You spent 431 gold pieces at shops.

Inventory:

Hand Weapons
 a - a +4 dagger
 m - a +2 scimitar (weapon)
 t - a +0 long sword of flaming
 x - a +0 rapier of venom
Missiles
 g - a throwing net
Armour
 b - a +1 pair of gloves (worn)
 d - a +2 hat of intelligence (worn)
 r - a scarf of shadows (worn)
 s - the +5 ring mail of Yptoni (worn) {rElec rCorr Int+4}
   (You found it on level 5 of the Dungeon)

   Int:       It affects your intelligence (+4).
   rElec:     It insulates you from electricity.
   rCorr:     It protects you from acid and corrosion.
Jewellery
 e - a ring of flight
 j - a ring of see invisible
 n - an amulet of faith (around neck)
 p - the ring of the Enemy (right hand) {rF+ Dex+3}
   (You bought it in a shop on level 7 of the Dungeon)

   [ring of protection from fire]

   Dex:       It affects your dexterity (+3).
   rF:        It protects you from fire.
 u - a ring of fire
 y - a +6 ring of intelligence (left hand)
Wands
 i - a wand of polymorph (1)
 w - a wand of roots (1)
Scrolls
 c - 2 scrolls of fear
 f - a scroll of butterflies
 h - 4 scrolls of amnesia
 k - 3 scrolls of enchant weapon
 l - 3 scrolls of magic mapping
 o - a scroll of enchant armour
Miscellaneous
 q - a box of beasts (inert)


   Skills:
 - Level 8.0 Fighting
 + Level 4.6 Dodging
 - Level 1.5 Stealth
 - Level 10.0 Spellcasting
 - Level 10.0 Hexes
 - Level 10.8 Necromancy
 + Level 2.0 Transmutations
 + Level 1.9 Earth Magic


You had 7 spell levels left.
You knew the following spells:

 Your Spells              Type           Power      Damage    Failure   Level
a - Necrotise             Necr           100%       1d9       1%          1
b - Vampiric Draining     Necr           91%        2d12      1%          3
c - Animate Dead          Necr           91%        N/A       1%          4
d - Agony                 Necr           91%        N/A       2%          5
e - Anguish               Hex/Necr       45%        N/A       1%          4
f - Cause Fear            Hex            34%        N/A       1%          4
g - Passwall              Tmut/Erth      23%        N/A       4%          2

Your spell library contained the following spells:

 Spells                   Type           Power      Damage    Failure   Level
 Inner Flame              Hex/Fire       48%        N/A       2%          3
 Sandblast                Erth           56%        2d13      3%          1
 Freeze                   Ice            64%        1d8       7%          1
 Shock                    Conj/Air       64%        1d7       7%          1
 Stone Arrow              Conj/Erth      44%        3d9       14%         3
 Frozen Ramparts          Ice            32%        1d5       21%         3
 Swiftness                Air            16%        N/A       21%         3
 Airstrike                Air            8%         0-4+      56%         4
 Hailstorm                Conj/Ice       16%        3d6       56%         4
 Enfeeble                 Hex            34%        N/A       67%         7
 Discord                  Hex            34%        N/A       100%        8


Dungeon Overview and Level Annotations

Branches:
Dungeon (10/15)            Temple (1/1) D:7            Lair (1/5) D:9
    Orc: D:9-12

Altars:
Cheibriados
Hepliaklqana
Kikubaaqudgha
Makhleb
Nemelex Xobeh
Ru
Trog
Uskayaw
Vehumet

Shops:
D:7 =!?


Innate Abilities, Weirdness & Mutations

You are immune to poison.
Your flesh is cold resistant. (rC+)
You are immune to negative energy. (rN+++)
You are immune to unholy pain and torment.
You are vulnerable to heat. (rF-)
You are in touch with the powers of death.
You do not drink.


Message History

Aiming: Vampiric Draining (safe; 1% risk of failure)
Press: ? - help, Shift-Dir - straight line, f - wyvern
Aim: a wyvern You feel a surge of power!
You draw life force from the wyvern!
You feel life coursing into your body!
The wyvern bites you but does no damage. x2
Unknown command.
You hit the wyvern but do no damage.
The wyvern is severely wounded.
The wyvern bites you. The wyvern closely misses you.
You hit the wyvern.
The wyvern is severely wounded.
The wyvern bites you!
* * * LOW HITPOINT WARNING * * *
The wyvern bites you!
* * * LOW HITPOINT WARNING * * *
You barely miss the wyvern.
The wyvern is severely wounded.
The wyvern bites you.
* * * LOW HITPOINT WARNING * * *
The wyvern completely misses you.
Unknown command.
Casting: Vampiric Draining (safe; 1% risk of failure)
Confirm with . or Enter, or press ? or * to list all spells.
Aiming: Necrotise (safe; 1% risk of failure)
Press: ? - help, Shift-Dir - straight line, f/p - wyvern
Aim: a wyvern (severely wounded, chance to affect: 83%)
You feel a surge of power!
The wyvern writhes in agony.
The wyvern barely misses you.
Unknown command.
You can't drink.
You closely miss the wyvern. You punch the wyvern.
The wyvern is almost dead.
The wyvern bites you.
* * * LOW HITPOINT WARNING * * *
The wyvern bites you.
* * * LOW HITPOINT WARNING * * *
The wyvern bites you.
You die...
Kikubaaqudgha rasps: "You have failed me!
Welcome... oblivion!"

### ####P# #....# ##...##
#####....### ..# ##@<........#
.... #.l†###...P.####### ....
##..## ##.#...##.... [....
##..## #........... .....#
###..#######...........
......##...#...>....÷†....##.#
............Y.............####
.##.#..[..................##
#..##...#.#Y........).).#


You could see a wyvern.

Vanquished Creatures
  Snorg (D:10)
  A hydra (D:7)
  2 two-headed ogres
  Pikel (D:8)
  A black mamba (Lair:1)
  2 elephants (Lair:1)
  A cane toad (Lair:1)
  An unseen horror (D:10)
  Psyche (D:9)
  2 komodo dragons (Lair:1)
  2 trolls
  A hornet (D:9)
  A slime creature (D:7)
  2 spriggans (Lair:1)
  Grum (D:8)
  2 yaks (D:9)
  2 steam dragons (D:8)
  A basilisk (Lair:1)
  4 water moccasins
  An ice beast (D:8)
  3 orc warriors
  A sky beast (D:7)
  2 ogres
  2 wolves (D:8)
  A tengu (D:6)
  2 centaurs
  4 kobold brigands
  A necrophage (D:6)
  A scorpion (Lair:1)
  3 gnoll sergeants
  3 bullfrogs
  5 wights
  15 killer bees
  An electric eel (D:7)
  4 howler monkeys
  3 hounds
  3 jellies
  7 orc priests
  5 orc wizards
  3 iguanas
  Robin (D:2)
  14 gnolls
  15 adders
  A shadow imp (D:8)
  A white imp (D:7)
  3 worms
  2 dart slugs
  42 orcs
  7 ball pythons
  4 bats
  4 endoplasms
  4 giant cockroaches
  10 goblins
  6 hobgoblins
  9 jackals
  15 kobolds
  3 quokkas
  2 frilled lizards (D:1)
  7 rats
249 creatures vanquished.

Vanquished Creatures (collateral kills)
  Gastronok (D:9)
  3 two-headed ogres (D:7)
  A manticore (D:9)
  A cane toad (Lair:1)
  A gargoyle (D:7)
  A polar bear (Lair:1)
  A spriggan (Lair:1)
  4 yaks (D:9)
  An ogre (D:7)
  A killer bee (D:9)
  4 orc priests (D:7)
  2 orc wizards (D:7)
  3 gnolls
  An orc (D:3)
  A bat (D:1)
  3 goblins (D:2)
  A kobold (D:9)
30 creatures vanquished.

Vanquished Creatures (others)
  A boulder beetle (D:7)
  A death knight (D:9)
  A tengu warrior (D:7)
  A deep elf pyromancer (D:7)
  A hydra zombie (D:7)
  A slime creature (D:7)
  A boulder beetle zombie (D:7)
  A wyvern (D:7)
  A manticore zombie (D:9)
  An orc warrior (D:7)
  An elf zombie (D:7)
  A troll zombie (D:9)
  A killer bee (D:9)
  A killer bee zombie (D:9)
  An adder (D:7)
  8 orc zombies
  An adder zombie (D:7)
  An orc (D:7)
  A ball python zombie (D:7)
  2 gnoll zombies (D:9)
  5 kobold zombies
  8 fungi
  51 plants (Lair:1)
92 creatures vanquished.

Grand Total: 371 creatures vanquished

Notes
Turn   | Place    | Note
-------+----------+-------------------------------------------
     0 | D:1      | ptdevnull the Mummy Necromancer began the quest for the
                  | Orb.
     0 | D:1      | Reached XP level 1. HP: 13/13 MP: 4/4
   401 | D:1      | Reached XP level 2. HP: 19/19 MP: 1/6
  1287 | D:1      | Gained mutation: You are in touch with the powers of death.
                  | [Mummy growth]
  1287 | D:1      | Reached XP level 3. HP: 20/24 MP: 1/8
  1424 | D:1      | Learned a level 3 spell: Vampiric Draining
  2122 | D:2      | Noticed Robin
  2139 | D:2      | Reached XP level 4. HP: 24/30 MP: 7/10
  2213 | D:2      | Reached skill level 5 in Necromancy
  2256 | D:2      | Killed Robin
  2770 | D:3      | Noticed a great orb of eyes
  2773 | D:3      | Found a faded altar of an unknown god.
  2776 | D:3      | Noticed a shining eye
  2776 | D:3      | Noticed a great orb of eyes
  2776 | D:3      | Noticed an eye of devastation
  2787 | D:3      | Reached XP level 5. HP: 35/35 MP: 2/12
  3044 | D:3      | Reached skill level 5 in Spellcasting
  3758 | D:4      | Reached XP level 6. HP: 41/41 MP: 9/14
  3763 | D:4      | Learned a level 4 spell: Animate Dead
  3770 | D:4      | Learned a level 5 spell: Agony
  4058 | D:5      | Entered Level 5 of the Dungeon
  4762 | D:5      | Identified the +5 ring mail of Yptoni {rElec rCorr Int+4}
  4959 | D:5      | Reached XP level 7. HP: 37/46 MP: 10/17
  6017 | D:6      | Noticed Maggie
  6218 | D:6      | Reached XP level 8. HP: 52/52 MP: 11/18
  6329 | D:6      | Found a sacrificial altar of Ru.
  6491 | D:6      | Reached skill level 1 in Fighting
  6783 | D:7      | Found Oshoerex's Jewellery Emporium.
  6909 | D:7      | Found Piwedege's Magic Scroll Shop.
  7194 | D:7      | Bought a scroll of fear for 48 gold pieces
  7257 | D:7      | Found a staircase to the Ecumenical Temple.
  7261 | D:7      | Found a transporter.
  7267 | Temple   | Entered the Ecumenical Temple
  7274 | Temple   | Became a worshipper of Kikubaaqudgha
  7284 | D:7      | Noticed a two-headed ogre
  7285 | D:7      | Noticed a two-headed ogre
  7301 | D:7      | Found Rore's Distillery.
  7350 | D:6      | Noticed Maggie
  7350 | D:6      | Maggie changed into Maggie the tengu
  7359 | D:6      | Killed Maggie the tengu
  8106 | D:7      | Reached XP level 9. HP: 34/66 MP: 7/19
  8127 | D:8      | Reached skill level 5 in Fighting
  8255 | D:8      | Learned a level 4 spell: Anguish
  8260 | D:8      | Learned a level 4 spell: Cause Fear
  8362 | D:8      | Noticed Pikel
  8407 | D:7      | Noticed a two-headed ogre
  8526 | D:8      | Found a sparkling altar of Nemelex Xobeh.
  8526 | D:8      | Noticed Grum
  8540 | D:8      | Reached skill level 1 in Hexes
  8554 | D:8      | Killed Grum
  8814 | D:8      | Noticed a troll
  8832 | D:8      | Killed a troll
  8908 | D:8      | Killed Pikel
  8909 | D:8      | Reached skill level 5 in Hexes
  9120 | D:8      | Reached * piety under Kikubaaqudgha
  9120 | D:8      | Received a gift from Kikubaaqudgha
  9927 | D:8      | Identified a scroll of acquirement
 10152 | D:9      | Noticed Psyche
 10164 | D:9      | Killed Psyche
 10165 | D:9      | Reached XP level 10. HP: 55/74 MP: 13/20
 10848 | D:9      | Reached skill level 10 in Necromancy
 11310 | D:9      | Acquired 1186 gold pieces
 11362 | D:9      | Noticed Gastronok
 11382 | D:9      | Killed Gastronok
 11713 | D:9      | Found a staircase to the Lair.
 11777 | D:9      | Reached ** piety under Kikubaaqudgha
 12164 | D:10     | Entered Level 10 of the Dungeon
 12244 | D:10     | Noticed Snorg
 12252 | D:10     | Killed Snorg
 12253 | D:10     | Reached XP level 11. HP: 63/83 MP: 10/23
 12464 | D:10     | Noticed a two-headed ogre
 13064 | D:7      | Killed a two-headed ogre
 13352 | D:7      | Found the +6 shillelagh "Devastator" {shatter}
 13401 | D:7      | Bought the ring of the Enemy {rF+ Dex+3} for 383 gold
                  | pieces
 13430 | D:7      | Noticed a deep elf pyromancer
 13438 | D:7      | Killed a two-headed ogre
 13445 | D:7      | Killed a two-headed ogre
 13883 | D:7      | Found a transporter.
 13926 | D:7      | Noticed a two-headed ogre
 13982 | D:7      | Killed a two-headed ogre
 13983 | D:7      | Reached skill level 10 in Spellcasting
 14506 | D:9      | Killed a two-headed ogre
 14702 | Lair:1   | Entered Level 1 of the Lair of Beasts
 14722 | Lair:1   | Learned a level 2 spell: Passwall
 15424 | Lair:1   | Reached skill level 10 in Hexes
 15535 | Lair:1   | Reached skill level 1 in Transmutations
 15535 | Lair:1   | Reached skill level 1 in Earth Magic
 16210 | Lair:1   | HP: 2/86 [wyvern (3)]
 16210 | Lair:1   | Slain by a wyvern

Illustrated notes

Levels and vault maps discovered:
D:1:      minmay_arrival_cross, layout_basic, minmay_pentomino_v2
D:2:      layout_loops_cross, uniq_robin
D:3:      layout_rooms, nicolae_overflow_crystal_walls,
          hellmonk_ecumenical_altar_watching_god
D:4:      layout_basic, kennysheep_generic_room_15
D:5:      layout_basic, chequers_arboretum
D:6:      layout_basic, nicolae_ru_path_of_blood, uniq_maggie
D:7:      gammafunk_beogh_shrine, layout_cave_pools, minmay_temple_entry_wispy,
          serial_shops, nicolae_shop_statue_plus, nicolae_inconvenience_store,
          kennysheep_mini, dilly_guarded_unrand_devastator
D:8:      kennysheep_steamy, layout_basic, mainiacjoe_overflow_alcove_4,
          uniq_grum, uniq_pikel
D:9:      layout_cave_pods, lair_entry_dummy, uniq_psyche, uniq_gastronok
D:10:     layout_cave_pools, uniq_snorg
Temple:   compressed_dpeg_triangle_lava_temple
Lair:1:   layout_misc_corridors, wad_woods_02

Skill      XL: |  1  2  3  4  5  6  7  8  9 10 11 |
---------------+----------------------------------+-----
Spellcasting   | 3 4 5 6 7 8 10 | 10.0
Necromancy     | 5 6 8 9 10 | 10.8
Fighting       | 4 5 6 8 |  8.0
Dodging        | 4 |  4.6
Hexes          | 6 8 10 | 10.0
Transmutations | 2 |  2.0
Earth Magic    | 1 |  1.9
Stealth        | |  1.5

Action                   |  1- 3 |  4- 6 |  7- 9 | 10-12 || total
-------------------------+-------+-------+-------+-------++-------
Melee: Unarmed           |     6 |       |       |       ||     6
       Dagger            |    16 |     3 |   171 |   240 ||   430
       Punch             |     1 |       |       |     4 ||     5
       Scimitar          |       |       |       |     9 ||     9
 Cast: Necrotise         |    65 |   148 |   217 |   240 ||   670
       Vampiric Draining |       |     1 |     8 |    32 ||    41
       Animate Dead      |       |       |     1 |     4 ||     5
       Agony             |       |       |       |     4 ||     4
       Cause Fear        |       |       |       |     4 ||     4
       Passwall          |       |       |       |     1 ||     1
Invok: Unearth Wretches  |       |       |       |     5 ||     5
Evoke: Wand              |       |       |    12 |     5 ||    17
       Box of beasts     |       |       |       |     1 ||     1
  Use: Scroll            |       |     6 |     7 |     7 ||    20
 Stab: Sleeping          |       |     1 |       |       ||     1
       Invisible         |       |       |     1 |       ||     1
       Paralysed         |       |       |       |     6 ||     6
Armor: Robe              |     8 |     4 |       |       ||    12
       Leather armour    |       |     1 |       |       ||     1
       Ring mail         |       |       |   173 |   254 ||   427
Dodge: Dodged            |    17 |    15 |   231 |   299 ||   562

Table legend: (Time is in decaauts)
 A = Elapsed time spent in this place.
 B = Non-inter-level travel time spent in this place.
 C = Inter-level travel time spent in this place.
 D = Time resting spent in this place.
 E = Time spent auto-exploring this place.
 F = Levels seen in this place.
 G = Mean time per level.
                   A        B        C        D        E       F      G
               +--------+--------+--------+--------+--------+-----+--------+
         Total |  16231 |  15155 |   1076 |   2513 |   9877 |  12 | 1352.6 |
       Dungeon |  15216 |  14146 |   1070 |   2267 |   9391 |  10 | 1521.6 |
        Temple |     12 |      7 |      5 |      0 |      0 |   1 |   12.0 |
          Lair |   1002 |   1002 |      0 |    246 |    486 |   1 | 1002.0 |
               +--------+--------+--------+--------+--------+-----+--------+

Top non-repeatable levels by time:
     D:9: 3102 daAuts
     D:8: 2230 daAuts
     D:5: 1854 daAuts
     D:7: 1727 daAuts
     D:6: 1689 daAuts
     D:1: 1610 daAuts
     D:2: 1093 daAuts
  Lair:1: 1002 daAuts
     D:4: 876 daAuts
     D:3: 709 daAuts
    D:10: 322 daAuts
  Temple: 12 daAuts
